 Dungeon Crawl Stone Soup version 0.17-a0-1248-g117de50 (webtiles) character file.

258440 sqallbeste the Slayer (level 19, -6/286 HPs)
             Began as a Minotaur Gladiator on June 5, 2015.
             Was the Champion of Yredelemnul.
             Mangled by a storm dragon (12 damage)
             ... on level 5 of the Vaults.
             The game lasted 05:12:17 (35115 turns).

sqallbeste the Slayer (Minotaur Gladiator)         Turns: 35115, Time: 05:12:17

Health: -6/286     AC: 31    Str: 34    XL:     19   Next: 12%
Magic:  22/22      EV:  2    Int:  1    God:    Yredelemnul [******]
Gold:   1965       SH: 29    Dex: 24    Spells: 0 memorised, 18 levels left

rFire  + . .     SeeInvis +     J - +7 hand axe "Foehute" {flame, rPois rF+ MP-9 Str+5}
rCold  . . .     Clarity  .     (armour currently unavailable)
rNeg   + + +     SustAt   .     j - +6 large shield of Ignorance {rN+ AC+2 EV+2 Int-6 *Curse} (curse)
rPois  +         Gourm    +     (helmet currently unavailable)
rElec  .         Spirit   .     (cloak currently unavailable)
rCorr  .         Warding  .     (gloves currently unavailable)
rMut   .         NoTele   +     (boots currently unavailable)
MR     +....                    k - amulet of the gourmand
Stlth  +++.......               M - ring of Shadows {Umbra +Inv rN+ SInv}
                                G - +4 ring of strength

@: mighty, agile, tree-form, silence (expiring), wreathed by umbra, drained,
somewhat resistant to hostile enchantments, fairly stealthy
A: (retaliatory headbutt), (horns 0), (large bone plates 0), clever 1, high mp
1, (shaggy fur 0)
a: Renounce Religion, Evoke Invisibility
}: 2/15 runes: decaying, gossamer


You were on level 5 of the Vaults.
You worshipped Yredelemnul.
Yredelemnul was exalted by your worship.
You were not hungry.
You were a tree.
You visited 8 branches of the dungeon, and saw 42 of its levels.
You also visited: Sewer, Ossuary and Bailey.

You collected 4365 gold pieces.
You spent 2400 gold pieces at shops.

Inventory:

Hand weapons
 J - the +7 hand axe "Foehute" (weapon) {flame, rPois rF+ MP-9 Str+5}
   (You found it on level 8 of the Dungeon)

   It has been specially enchanted to burn those struck by it, causing extra
   injury to most foes and up to half again as much damage against particularly
   susceptible opponents.
   Big, fiery blades are also staple armaments of hydra-hunters.
   It affects your strength (+5).
   It protects you from fire.
   It protects you from poison.
   It affects your magic capacity (-9).
Missiles
 d - 9 throwing nets (quivered)
Armour
 a - a +2 pair of gloves of archery (melded)
 c - a +2 hat (melded)
 j - the cursed +6 large shield of Ignorance (worn) {rN+ AC+2 EV+2 Int-6 *Curse}
   (You acquired it on level 4 of the Swamp)

   It affects your AC (+2).
   It affects your evasion (+2).
   It affects your intelligence (-6).
   It protects you from negative energy.
   It may re-curse itself when equipped.
   It has a curse placed upon it.
 r - the +1 cloak "Uzuenleg" (melded) {+Inv}
   (You found it on level 1 of the Vaults)

   It lets you turn invisible.
 F - a quicksilver dragon armour
 Q - a +2 pair of boots (melded)
 W - a +2 shield of protection
 X - a +2 crystal plate armour (melded)
Jewellery
 k - an amulet of the gourmand (around neck)
 s - an uncursed ring of protection from cold
 E - an uncursed ring of protection from magic
 G - a +4 ring of strength (left branch)
 M - the ring of Shadows (right branch) {Umbra +Inv rN+ SInv}
   (You bought it in a shop on level 12 of the Dungeon)

   [ring of invisibility]

   It protects you from negative energy.
   It lets you see invisible.
   It lets you turn invisible.
 N - an uncursed ring of fire
Magical devices
 I - a wand of paralysis (15)
Scrolls
 l - 7 scrolls of teleportation
 n - 7 scrolls of recharging
 o - 4 scrolls of blinking
 u - 4 scrolls of silence
 A - 17 scrolls of remove curse
 D - 3 scrolls of fear
 L - 6 scrolls of identify
 O - 2 scrolls of magic mapping
 P - 2 scrolls of enchant weapon
 U - 2 scrolls of fog
Potions
 f - 11 potions of magic
 t - 5 potions of haste
 v - 11 potions of curing
 z - 3 potions of cure mutation
 K - 3 potions of might
 S - a potion of lignification
 V - 4 potions of resistance
 Y - 2 potions of berserk rage
Books
 b - a book of Summonings

   Spells                             Type                      Level
   a - Recall                         Summoning/Translocation      3
   b - Aura of Abjuration             Summoning                    5
   c - Shadow Creatures               Summoning                    5
   d - Summon Demon                   Summoning                    5
   e - Summon Forest                  Summoning/Translocation      5
   f - Summon Mana Viper              Hexes/Summoning              5
 w - a Grand Grimoire {highlevel}

   This book is beyond your current level of understanding.

   Spells                             Type                      Level
   a - Monstrous Menagerie            Summoning                    6
   b - Summon Greater Demon           Summoning                    7
   c - Malign Gateway                 Summoning/Translocation      7
   d - Summon Horrible Things         Summoning                    8
 y - a book of Debilitation

   Spells                             Type                      Level
   a - Corona                         Hexes                        1
   b - Slow                           Hexes                        2
   c - Gell's Gravitas                Hexes/Translocation          3
   d - Inner Flame                    Hexes/Fire                   3
   e - Cause Fear                     Hexes                        4
   f - Leda's Liquefaction            Hexes/Earth                  4
 B - a book of the Earth

   Spells                             Type                      Level
   a - Leda's Liquefaction            Hexes/Earth                  4
   b - Bolt of Magma                  Conjuration/Fire/Earth       5
   c - Statue Form                    Transmutation/Earth          6
   d - Iron Shot                      Conjuration/Earth            6
   e - Shatter                        Earth                        9
 R - a book of Annihilations {highlevel}

   This book is beyond your current level of understanding.

   Spells                             Type                      Level
   a - Poison Arrow                   Conjuration/Poison           6
   b - Chain Lightning                Conjuration/Air              8
   c - Lehudib's Crystal Spear        Conjuration/Earth            8
   d - Glaciate                       Conjuration/Ice              9
   e - Fire Storm                     Conjuration/Fire             9
Miscellaneous
 x - a lantern of shadows
 H - an ornate deck of defence {the Elixir}
 Z - a lamp of fire
Comestibles
 h - 22 fruits
 i - 4 slices of pizza
 m - 20 royal jellies
 p - 2 meat rations
 C - 7 beef jerkies
 T - 11 bread rations


   Skills:
 - Level 22.0(21.9) Fighting
 - Level 15.0(14.9) Axes
 - Level 2.0(1.9) Throwing
 * Level 16.9(16.8) Armour
 - Level 11.3(11.2) Dodging
 - Level 15.3(15.1) Shields
 - Level 13.6(13.5) Invocations
 - Level 0.3(0.2) Evocations


You had 18 spell levels left.
You didn't know any spells.

Dungeon Overview and Level Annotations

Branches:
Dungeon (15/15)            Temple (0/1) D:4            Lair (8/8) D:10
  Swamp (4/4) Lair:3       Spider (4/4) Lair:5        Slime (1/6) Lair:8
    Orc (4/4) D:11            Elf (0/3) Orc:4        Vaults (5/5) D:14
  Crypt (0/3) Vaults:2     Depths (1/5) D:15

Altars:
Cheibriados
Dithmenos
Elyvilon
Fedhas
Gozag
Nemelex Xobeh
Trog
Yredelemnul
Zin
The Shining One
Beogh
Jiyva

Shops:
D:3 *   D:12 =   Orc:2 }   Orc:4 [[[(   Vaults:1 %   Vaults:2 :?%:   Vaults:3 *
Vaults:4 :

Annotations:
Vaults:5 Jory


Innate Abilities, Weirdness & Mutations

((You reflexively headbutt those who attack you in melee.))
((You have a pair of horns on your head.))
((You are partially covered in large bone plates (AC +2, SH +2).))
Your mind is acute. (Int +2)
You have an increased reservoir of magic (+10% MP).
((You are covered in fur (AC +1).))


Message History

The titan hits you!!
* * * LOW HITPOINT WARNING * * *
The vault warden activates a sealing rune. x4
You block the hell knight's attack. The shadow dragon bites you.
* * * LOW HITPOINT WARNING * * *
The shadow dragon claws you.
* * * LOW HITPOINT WARNING * * *
The shadow dragon claws you but does no damage.
You block the storm dragon's attack. The storm dragon claws you.
* * * LOW HITPOINT WARNING * * *
The storm dragon tramples you but does no damage.
The shadow dragon bites you but does no damage.
The shadow dragon claws you.
* * * LOW HITPOINT WARNING * * *
You block the shadow dragon's attack. You block the titan's attack.
The yaktaur hits you from afar with a trident.
* * * LOW HITPOINT WARNING * * *
The storm dragon bites you!
You die...
Your body rises from the dead as a mindless zombie.

##. #...(#
#≈≈##....#+#
≈.m#....#.###
.N≈........
#####........###
...........9....
.......HpCp.....
......CCDcc.....
......cC♣Dpe....
#####D)DCDQc.###
......cpVWpH...
.....#...*#....
......#....# .##
......#....# #
D.....#....# ...
#....#


You could see Jory, 2 shadow dragons, 2 titans, 2 storm dragons, a fire giant,
an ice dragon shaped shifter, a sphinx, a stone giant, 2 vault wardens, a tengu
reaver, 2 yaktaur captains, a minotaur shaped shifter, a salamander stormcaller,
an ettin shaped shifter, 2 hell knights, a war gargoyle, a vault sentinel, a
water nymph, 3 yaktaurs, a freezing wraith and a deep elf conjurer.

Vanquished Creatures
  Boris (Vaults:5)
  Margery (Vaults:5)
  A shadow dragon (Vaults:5)
  A frost giant (Vaults:4)
  A deep elf sorcerer (Vaults:5)
  3 vault wardens
  Aizul (Vaults:1)
  An orc warlord (Orc:4)
  An ironheart preserver (Vaults:3)
  An emperor scorpion (Spider:4)
  2 very ugly things
  2 war gargoyles
  A deep elf demonologist (Vaults:5)
  Azrael (D:12)
  An ettin (Vaults:3)
  A deep elf death mage (Vaults:3)
  8 vault guards (Vaults:4)
  A great orb of eyes (Vaults:1)
  A yaktaur captain (Vaults:3)
  A death cob (Vaults:5)
  An ice dragon (Vaults:4)
  3 hydras
  2 ogre magi
  An alligator (Swamp:3)
  A fire crab (Vaults:5)
  A ghost crab (Swamp:4)
  5 orc high priests (Orc:4)
  A shock serpent (shapeshifter) (Vaults:4)
  4 hell knights (Vaults:5)
  5 deep trolls (Vaults:3)
  A shadow wraith (Vaults:1)
  A giant orange brain (Vaults:3)
  2 swamp dragons
  2 hill giants
  An anubis guard (shapeshifter) (Vaults:4)
  2 harpies
  4 ironbrand convokers
  3 orc knights
  2 hornets
  11 ugly things
  A necromancer (D:15)
  2 phantasmal warriors (Depths:1)
  A lindwurm (Lair:7)
  A wolf spider (Spider:4)
  3 orc sorcerers (Orc:4)
  An orb spider (Spider:3)
  A lindwurm (shapeshifter) (Depths:1)
  A mana viper (shapeshifter) (Vaults:3)
  14 yaktaurs
  2 elephants (Lair:5)
  3 griffons
  A cyclops (D:15)
  Maurice (Orc:1)
  A naga mage (D:15)
  Joseph (D:8)
  4 black mambas
  3 spiny frogs
  4 vault sentinels
  An efreet (D:13)
  A kobold demonologist (D:12)
  4 komodo dragons
  8 trolls
  A fire drake (Lair:3)
  3 slime creatures
  A tengu conjurer (D:13)
  2 freezing wraiths (Vaults:4)
  A blink frog (Lair:8)
  Prince Ribbit (D:6)
  A jumping spider (Spider:4)
  A raven (D:13)
  2 boulder beetles
  A polar bear (Lair:8)
  A raiju (Lair:8)
  2 trapdoor spiders (Spider:4)
  4 two-headed ogres
  A frost giant simulacrum (Vaults:4)
  6 redbacks
  2 wraiths
  A tarantella (Spider:3)
  3 wyverns
  12 yaks
  Eustachio (D:5)
  4 vampire mosquitoes
  A hungry ghost (D:14)
  2 fire elementals (D:12)
  9 hippogriffs
  A deep elf fighter (Vaults:3)
  2 swamp worms
  Menkaure (D:6)
  4 basilisks
  4 wargs
  3 insubstantial wisps
  4 water moccasins
  2 hell hounds
  5 porcupines
  8 wolves
  3 black bears
  A spider (Spider:4)
  A wasp (D:13)
  3 ice beasts
  An eye of draining (D:13)
  A black bear (shapeshifter) (Vaults:2)
  23 orc warriors
  3 centaurs
  18 ogres
  A necrophage (D:12)
  A phantom (D:10)
  3 sky beasts
  3 crocodiles
  3 giant frogs
  2 scorpions
  11 killer bees
  5 wights (D:11)
  3 centaur zombies
  2 wolf zombies (Lair:8)
  24 orc priests
  A giant frog zombie (D:8)
  6 crimson imps
  9 jellies
  A human zombie (Ossuary)
  2 quasits
  7 hounds
  5 centaur skeletons
  2 giant frog skeletons
  21 orc wizards
  9 iguanas
  2 worker ants
  11 sheep
  A big kobold zombie (Ossuary)
  5 hound zombies (Lair:8)
  A hound skeleton (D:9)
  6 mummies
  A worker ant zombie (D:9)
  12 adders
  10 gnolls (Bailey)
  13 river rats
  3 shadow imps
  4 oozes (D:9)
  An adder zombie (D:7)
  A worm (D:5)
  An adder skeleton (D:4)
  140 orcs
  3 ball pythons (Sewer)
  15 bats
  13 giant cockroaches
  12 goblins
  28 hobgoblins
  11 jackals
  3 quokkas
  6 giant geckos
  A giant gecko skeleton (D:4)
  8 giant newts
  3 goblin zombies
  32 kobolds
  2 kobold zombies (Ossuary)
  An orc zombie (Ossuary)
  21 rats
  A rat zombie (D:5)
  A spectral orc (D:3)
  3 fungi
  A plant (Lair:8)
792 creatures vanquished.

Vanquished Creatures (collateral kills)
  Frederick (Vaults:2)
  the Lernaean hydra (Swamp:4)
  Saint Roka (Vaults:2)
  The ghost of Zwobot the Slayer, a mighty HOGl of Makhleb (Vaults:3)
  Arachne (Spider:4)
  2 tentacled monstrosities
  Rupert (Spider:1)
  An acid blob (Slime:1)
  2 quicksilver dragons
  A sphinx (Vaults:2)
  Gastronok (D:8)
  Wiglaf (Vaults:1)
  2 frost giants (Vaults:5)
  An azure jelly (Slime:1)
  Donald (Vaults:4)
  A fire giant (Vaults:3)
  8 vault wardens
  Louise (Swamp:1)
  5 emperor scorpions (Spider:4)
  8 ironheart preservers
  8 stone giants
  A very ugly thing (Vaults:5)
  A vampire knight (Depths:1)
  A deep elf demonologist (Vaults:4)
  2 deep elf death magi
  2 entropy weavers
  A salamander stormcaller (Vaults:4)
  3 yaktaur captains
  4 ettins
  16 vault guards (Vaults:4)
  3 great orbs of eyes
  Harold (Orc:3)
  20 hydras
  2 ghost crabs
  An ice dragon (Vaults:3)
  2 catoblepae (Lair:8)
  A tengu warrior (D:13)
  A centaur warrior (Vaults:2)
  A deep troll shaman (Vaults:2)
  7 death yaks (Lair:8)
  4 ogre magi
  Urug (D:12)
  3 orc high priests (Orc:4)
  2 deep elf knights
  2 hell knights (Vaults:5)
  A shadow wraith (Vaults:4)
  A wizard (D:15)
  An unseen horror (Vaults:1)
  A storm dragon skeleton (Vaults:4)
  3 skeletal warriors (D:15)
  3 giant orange brains
  9 swamp dragons (Swamp:4)
  A flayed ghost (Vaults:1)
  A spriggan druid (Swamp:2)
  6 deep trolls
  A giant orange brain (shapeshifter) (D:14)
  15 orc knights
  A necromancer (Vaults:4)
  A shambling mangrove (Swamp:4)
  5 orc sorcerers
  4 harpies
  A wolf spider zombie (D:15)
  2 deep elf conjurers (D:15)
  19 wolf spiders
  4 hornets
  A moth of wrath (Spider:4)
  A cyclops (shapeshifter) (D:14)
  11 orb spiders
  20 ugly things
  13 ironbrand convokers
  8 black mambas
  9 vault sentinels
  3 manticores
  2 griffons
  5 cyclopes
  7 elephants
  8 two-headed ogres
  18 spiny frogs
  2 gargoyles
  A human zombie (Vaults:4)
  10 komodo dragons
  19 yaktaurs
  5 demonic crawlers
  5 deep elf priests
  A fire drake (shapeshifter) (Vaults:1)
  11 jumping spiders
  3 fire drakes
  3 giant leeches (Swamp:1)
  7 freezing wraiths
  8 trolls
  12 slime creatures
  5 blink frogs (Lair:8)
  7 polar bears (Lair:8)
  A raiju (shapeshifter) (D:7)
  A raiju (Lair:8)
  8 ravens
  5 bog bodies
  A boulder beetle (shapeshifter) (D:14)
  A boulder beetle (Spider:3)
  3 fire elementals (D:12)
  5 spriggans
  4 wraiths (Orc:3)
  23 yaks
  2 shadows
  5 deep elf magi
  31 redbacks
  13 trapdoor spiders
  A steam dragon (D:11)
  A golden eye (shapeshifter) (Vaults:4)
  9 hippogriffs
  8 tarantellas
  A wyvern (Lair:8)
  7 deep elf fighters
  Grum (D:8)
  20 vampire mosquitoes
  3 hungry ghosts
  13 wolves
  12 swamp worms
  A soldier ant (shapeshifter) (Vaults:2)
  2 mottled dragons
  8 insubstantial wisps
  9 wargs
  5 wasps
  12 water moccasins
  26 spiders
  2 hell hounds (Lair:8)
  12 black bears
  4 ice beasts
  An eye of draining (D:14)
  32 orc warriors
  10 swamp drakes
  A sky beast (D:11)
  12 porcupines
  16 ogres
  3 centaurs
  12 crocodiles
  A big kobold (D:13)
  2 giant frogs
  7 killer bees
  3 scorpions
  3 electric eels
  6 crimson imps
  13 hounds
  14 orc priests
  4 jellies
  4 centaur skeletons
  2 iguanas
  A worker ant (D:9)
  21 orc wizards
  14 sheep
  A hound zombie (D:7)
  2 adders
  3 gnolls (Bailey)
  27 river rats
  A shadow imp (D:15)
  An ooze (D:9)
  144 orcs
  A bat skeleton (D:7)
  5 goblins
  7 hobgoblins
  2 jackals (Lair:8)
  3 quokkas
  4 bats (Lair:1)
  4 kobolds
  A bush (Lair:8)
  21 fungi
  15 plants
1100 creatures vanquished.

Vanquished Creatures (others)
  2 profane servitors (Vaults:5)
  A lich (Vaults:4)
  4 ghouls
  3 death cobs
  2 spectral stone giants
  13 skeletal warriors
  5 phantasmal warriors
  A spectral ettin (Vaults:5)
  5 flayed ghosts
  8 ugly thing zombies
  A wolf spider zombie (Vaults:4)
  An ironbrand convoker (Vaults:4)
  A stone giant zombie (Vaults:4)
  2 frost giant zombies
  A spectral human (Orc:4)
  A redback zombie (Vaults:4)
  6 human zombies
  A swamp worm zombie (Swamp:1)
  A spectral orc (Orc:4)
  A ghoul skeleton (Vaults:4)
  2 harpy zombies (Vaults:3)
  2 fire vortices (Vaults:4)
  A troll (Vaults:4)
  2 griffon zombies
  2 human skeletons (Vaults:4)
  3 deep troll zombies
  A hornet zombie (Vaults:4)
  7 flying skulls
  A water elemental (Depths:1)
  6 vampires
  A tarantella (Spider:4)
  A hill giant zombie (D:13)
  4 wraiths
  3 raven zombies
  A swamp worm (Swamp:4)
  A spiny frog zombie (Lair:6)
  A vampire mosquito zombie (Swamp:4)
  2 spider zombies
  9 yaktaur zombies (Vaults:4)
  A wyvern zombie (Lair:5)
  A cyclops zombie (D:12)
  A boulder beetle zombie (Vaults:3)
  3 yak zombies
  2 troll zombies (Orc:4)
  3 hippogriff zombies
  A warg zombie (Lair:8)
  A troll skeleton (Orc:4)
  2 elf zombies (Vaults:3)
  A wight (Orc:4)
  2 wolf zombies
  3 two-headed ogre zombies
  3 black bear zombies (Lair:8)
  An orc wizard (Orc:4)
  A bog body skeleton (Swamp:4)
  5 killer bee zombies
  2 ogre zombies
  A sky beast zombie (D:11)
  An ogre skeleton (Orc:4)
  2 mummies (Orc:4)
  A scorpion zombie (D:12)
  2 swamp drake zombies
  A sheep zombie (Lair:3)
  An adder zombie (D:11)
  3 gnoll zombies (Bailey)
  2 river rat zombies (Lair:5)
  A giant gecko zombie (D:7)
  A hobgoblin skeleton (Orc:4)
  3 hobgoblin zombies
  4 kobold zombies
  6 orc skeletons (Orc:4)
  80 orc zombies
  A rat zombie (D:7)
  5 plants
258 creatures vanquished.

Grand Total: 2150 creatures vanquished

Notes
Turn   | Place    | Note
--------------------------------------------------------------
     0 | D:1      | sqallbeste the Minotaur Gladiator began the quest for the Orb.
     0 | D:1      | Reached XP level 1. HP: 18/18 MP: 0/0
   112 | D:1      | Reached skill level 1 in Armour
   176 | D:1      | Reached XP level 2. HP: 22/25 MP: 1/1
   182 | D:1      | Reached skill level 4 in Axes
   819 | D:2      | Reached XP level 3. HP: 30/30 MP: 2/2
   942 | D:2      | Found a white marble altar of Elyvilon.
  1031 | D:2      | Found a shadowy altar of Dithmenos.
  1279 | D:3      | Found Zin's Purification Station.
  1284 | D:3      | Found a glowing silver altar of Zin.
  1328 | D:3      | Found a basalt altar of Yredelemnul.
  1342 | D:3      | Became a worshipper of Yredelemnul the Dark
  1387 | D:3      | Reached XP level 4. HP: 37/37 MP: 3/3
  1395 | D:3      | Reached skill level 5 in Axes
  2097 | D:4      | Reached XP level 5. HP: 42/45 MP: 4/4
  2106 | D:4      | Found a staircase to the Ecumenical Temple.
  2260 | D:4      | Acquired Yredelemnul's first power
  2347 | D:4      | Found a blossoming altar of Fedhas.
  2549 | D:5      | Entered Level 5 of the Dungeon
  2580 | D:5      | Reached XP level 6. HP: 52/52 MP: 5/5
  2593 | D:5      | Reached skill level 6 in Axes
  2593 | D:5      | Reached skill level 1 in Invocations
  2639 | D:5      | Found a sand-covered staircase.
  2641 | D:5      | Noticed a centaur
  2647 | Ossuary  | Entered an ossuary
  3024 | D:5      | Killed a centaur
  3024 | D:5      | Reached skill level 5 in Armour
  3024 | D:5      | Reached XP level 7. HP: 44/60 MP: 7/7
  3028 | D:5      | Noticed a centaur
  3032 | D:5      | Killed a centaur
  3032 | D:5      | Reached skill level 7 in Axes
  3403 | D:5      | Noticed Eustachio
  3427 | D:5      | Killed Eustachio
  3427 | D:5      | Reached skill level 5 in Fighting
  3467 | D:5      | Gained mutation: You can spit weak poison. [potion of mutation]
  3467 | D:5      | Gained mutation: You are covered in fur (AC +1). [potion of mutation]
  3467 | D:5      | Gained mutation: You are clumsy. (Dex -2) [potion of mutation]
  3468 | D:5      | Gained mutation: You can spit poison. [potion of mutation]
  3468 | D:5      | Gained mutation: You are partially covered in large bone plates (AC +2, SH +2). [potion of mutation]
  3468 | D:5      | Gained mutation: You have sharp toenails. [potion of mutation]
  3469 | D:5      | Gained mutation: You have an increased reservoir of magic (+10% MP). [potion of mutation]
  3469 | D:5      | Gained mutation: Your muscles are strong. (Str +2) [potion of mutation]
  3521 | D:5      | Noticed an ogre
  3534 | D:5      | Killed an ogre
  3534 | D:5      | Reached skill level 8 in Axes
  3732 | D:6      | Reached XP level 8. HP: 68/68 MP: 9/9
  3744 | D:6      | Noticed Menkaure
  3761 | D:6      | Killed Menkaure
  3812 | D:6      | Acquired Yredelemnul's second power
  3867 | D:6      | Found a sparkling altar of Nemelex Xobeh.
  3952 | D:6      | Noticed Prince Ribbit
  3967 | D:6      | Reached skill level 9 in Axes
  4050 | D:6      | Found a glowing drain.
  4098 | Sewer    | Entered a sewer
  4412 | D:6      | Killed Prince Ribbit
  4506 | D:6      | Got an encrusted ring mail
  4508 | D:6      | Identified the +3 ring mail of Music {Dex+4} (You found it on level 6 of the Dungeon)
  4930 | D:7      | Reached skill level 10 in Axes
  4940 | D:7      | Acquired Yredelemnul's third power
  5032 | D:7      | Noticed a gargoyle
  5051 | D:7      | Killed a gargoyle
  5051 | D:7      | Reached XP level 9. HP: 30/75 MP: 11/11
  5254 | D:7      | Found a snail-covered altar of Cheibriados.
  5382 | D:7      | Found an opulent altar of Gozag.
  5384 | D:7      | Found a sparkling altar of Nemelex Xobeh.
  6068 | D:7      | Reached skill level 11 in Axes
  6709 | D:8      | Reached skill level 5 in Invocations
  6718 | D:8      | Acquired Yredelemnul's fourth power
  6718 | D:8      | Received a gift from Yredelemnul
  6767 | D:8      | Found a blossoming altar of Fedhas.
  6777 | D:8      | Noticed Gastronok
  6781 | D:8      | Found a flagged portal.
  6798 | D:8      | Killed Gastronok
  6798 | D:8      | Reached XP level 10. HP: 60/86 MP: 14/14
  6809 | D:8      | Got a slimy hand axe
  6810 | D:8      | Identified the +7 hand axe "Foehute" {flame, rPois rF+ MP-9 Str+5} (You found it on level 8 of the Dungeon)
  6814 | Bailey   | Entered a bailey
  7323 | D:8      | Noticed Joseph
  7347 | D:8      | Killed Joseph
  7398 | D:8      | Noticed Grum
  7417 | D:8      | Killed Grum
  7418 | D:8      | Lost mutation: Your muscles are strong. (Str +2) [potion of cure mutation]
  7418 | D:8      | Lost mutation: You can spit poison. [potion of cure mutation]
  7418 | D:8      | Lost mutation: You can spit weak poison. [potion of cure mutation]
  7418 | D:8      | Lost mutation: You are clumsy. (Dex -2) [potion of cure mutation]
  7418 | D:8      | Lost mutation: You have sharp toenails. [potion of cure mutation]
  7590 | D:8      | Received a gift from Yredelemnul
  8067 | D:9      | Reached skill level 10 in Armour
  8247 | D:9      | Found a bloodstained altar of Trog.
  8253 | D:9      | Received a gift from Yredelemnul
  8540 | D:9      | Acquired Yredelemnul's fifth power
  8708 | D:10     | Entered Level 10 of the Dungeon
  8751 | D:10     | Found a staircase to the Lair.
  8805 | D:10     | Noticed a manticore
  8810 | D:10     | Killed a manticore
  9066 | D:10     | Received a gift from Yredelemnul
  9236 | D:10     | Reached skill level 1 in Shields
  9710 | D:10     | Reached XP level 11. HP: 95/95 MP: 8/17
  9715 | D:10     | Reached skill level 10 in Shields
  9715 | D:10     | Reached XP level 12. HP: 103/103 MP: 9/18
 10209 | D:11     | Found a staircase to the Orcish Mines.
 10485 | Orc:1    | Entered Level 1 of the Orcish Mines
 10527 | Orc:1    | Received a gift from Yredelemnul
 10570 | Orc:1    | Noticed Maurice
 10580 | Orc:1    | Killed Maurice
 10786 | Orc:2    | Found Cupih's Gadget Emporium.
 11347 | Orc:3    | Received a gift from Yredelemnul
 11419 | Orc:3    | Noticed Josephine
 11425 | Orc:3    | Killed Josephine
 11425 | Orc:3    | Enslaved Josephine
 11617 | Orc:4    | Entered Level 4 of the Orcish Mines
 11670 | Orc:4    | Received a gift from Yredelemnul
 11846 | Orc:4    | Received a gift from Yredelemnul
 11853 | Orc:4    | Received a gift from Yredelemnul
 11887 | Orc:4    | Found Veot's Antique Armour Boutique.
 11897 | Orc:4    | Bought a pair of embroidered gloves for 85 gold pieces
 11935 | Orc:4    | Found a roughly hewn altar of Beogh.
 11985 | Orc:4    | Found Sipn's Weapon Shop.
 12329 | Orc:4    | Your ally Josephine died
 12336 | Orc:4    | Reached skill level 12 in Shields
 12453 | Orc:4    | Noticed an orc warlord
 12459 | Orc:4    | Found a roughly hewn altar of Beogh.
 12545 | Orc:3    | Noticed Harold
 12653 | Orc:4    | Reached skill level 10 in Invocations
 12921 | Orc:4    | Received a gift from Yredelemnul
 12980 | Orc:4    | Killed an orc warlord
 13035 | Orc:4    | Found Dioriul's Antique Armour Boutique.
 13054 | Orc:4    | Bought a quicksilver dragon armour for 1680 gold pieces
 13118 | Orc:4    | Received a gift from Yredelemnul
 13120 | Orc:4    | Found Jat Mozoash's Armour Shop.
 13123 | Orc:4    | Reached XP level 13. HP: 66/113 MP: 8/22
 13478 | Orc:4    | Received a gift from Yredelemnul
 13480 | Orc:4    | Reached skill level 14 in Shields
 13480 | Orc:4    | Reached XP level 14. HP: 105/119 MP: 15/24
 13710 | Orc:4    | Received a gift from Yredelemnul
 13713 | Orc:4    | Found a staircase to the Elven Halls.
 13738 | Orc:4    | Noticed a stone giant
 13747 | Orc:4    | Killed a stone giant
 13747 | Orc:4    | Enslaved a stone giant
 13787 | Orc:4    | Reached skill level 15 in Shields
 14312 | Orc:3    | Killed Harold
 14312 | Orc:3    | Reached skill level 10 in Fighting
 14317 | Orc:3    | Received a gift from Yredelemnul
 14397 | Orc:3    | Found a roughly hewn altar of Beogh.
 14446 | Orc:3    | Found a roughly hewn altar of Beogh.
 14642 | D:12     | Noticed Azrael
 14654 | D:12     | Killed Azrael
 14718 | D:12     | Received a gift from Yredelemnul
 14923 | D:12     | Noticed Urug
 14929 | D:12     | Received a gift from Yredelemnul
 14934 | D:12     | Killed Urug
 15121 | D:12     | Found Xiddir's Jewellery Emporium.
 15798 | D:13     | Received a gift from Yredelemnul
 15854 | D:13     | Found a viscous altar of Jiyva.
 16175 | D:14     | Found a gate to the Vaults.
 16215 | D:14     | Found a glowing golden altar of the Shining One.
 16682 | D:15     | Entered Level 15 of the Dungeon
 16951 | D:15     | Received a gift from Yredelemnul
 17487 | D:15     | Found a staircase to the Depths.
 17498 | D:15     | Received a gift from Yredelemnul
 17522 | Depths:1 | Entered Level 1 of the Depths
 18085 | Lair:1   | Entered Level 1 of the Lair of Beasts
 18467 | Lair:1   | Reached XP level 15. HP: 128/128 MP: 17/26
 18526 | Lair:1   | Received a gift from Yredelemnul
 18920 | Lair:2   | Received a gift from Yredelemnul
 20138 | Lair:3   | Received a gift from Yredelemnul
 20267 | Lair:3   | Received a gift from Yredelemnul
 20494 | Lair:3   | Found a staircase to the Swamp.
 20533 | Swamp:1  | Entered Level 1 of the Swamp
 20537 | Swamp:1  | Received a gift from Yredelemnul
 20537 | Swamp:1  | Noticed Louise
 21239 | Lair:4   | Received a gift from Yredelemnul
 21468 | Lair:5   | Found a hole to the Spider Nest.
 21512 | Lair:5   | Reached skill level 5 in Dodging
 21521 | Lair:5   | Received a gift from Yredelemnul
 23316 | Lair:7   | Got a slimy hand axe
 23317 | Lair:7   | Identified the cursed +1 hand axe of Crawling {drain, Str+3} (You found it on level 7 of the Lair of Beasts)
 23904 | Lair:8   | Entered Level 8 of the Lair of Beasts
 23946 | Lair:8   | Found a staircase to the Slime Pits.
 24084 | Lair:8   | Received a gift from Yredelemnul
 24297 | Lair:8   | Received a gift from Yredelemnul
 24521 | Lair:8   | Received a gift from Yredelemnul
 24578 | Lair:8   | Received a gift from Yredelemnul
 24596 | Lair:8   | Reached skill level 10 in Dodging
 24632 | Lair:8   | Received a gift from Yredelemnul
 25213 | Lair:8   | Received a gift from Yredelemnul
 25455 | Lair:5   | Received a gift from Yredelemnul
 25600 | Swamp:1  | Killed Louise
 25785 | Swamp:1  | Received a gift from Yredelemnul
 25844 | Swamp:1  | Reached XP level 16. HP: 120/139 MP: 16/27
 25900 | Swamp:2  | Received a gift from Yredelemnul
 26246 | Swamp:4  | Entered Level 4 of the Swamp
 26319 | Swamp:4  | Received a gift from Yredelemnul
 26362 | Swamp:4  | Identified a scroll of acquirement
 26377 | Swamp:4  | Lost intelligence.
 26534 | Swamp:4  | Received a gift from Yredelemnul
 26536 | Swamp:4  | Noticed the 27-headed Lernaean hydra
 26549 | Swamp:4  | Killed the 27-headed Lernaean hydra
 26614 | Swamp:4  | Got a decaying rune of Zot
 26678 | Swamp:4  | Reached skill level 15 in Axes
 26822 | Swamp:2  | Received a gift from Yredelemnul
 27075 | Spider:1 | Entered Level 1 of the Spider Nest
 27186 | Spider:1 | Noticed Rupert
 27193 | Spider:1 | Killed Rupert
 28020 | Spider:4 | Entered Level 4 of the Spider Nest
 28082 | Spider:4 | Gained mutation: Your mind is acute. (Int +2) [potion of beneficial mutation]
 28281 | Spider:4 | Noticed Arachne
 28290 | Spider:4 | Killed Arachne
 28411 | Spider:4 | Reached skill level 15 in Fighting
 28473 | Spider:4 | Got a gossamer rune of Zot
 28726 | Slime:1  | Entered Level 1 of the Pits of Slime
 28728 | Slime:1  | Noticed an acid blob
 28734 | Slime:1  | Killed an acid blob
 28971 | D:10     | You fall through a shaft!
 29072 | Vaults:1 | Entered Level 1 of the Vaults
 29116 | Vaults:1 | Reached skill level 16 in Fighting
 29175 | Vaults:1 | Reached XP level 17. HP: 157/159 MP: 17/28
 29178 | Vaults:1 | Received a gift from Yredelemnul
 29380 | D:12     | Bought the ring of Shadows {Umbra +Inv rN+ SInv} for 635 gold pieces
 29539 | Vaults:1 | Got a warped cloak
 29550 | Vaults:1 | Identified the +1 cloak "Uzuenleg" {+Inv} (You found it on level 1 of the Vaults)
 29618 | Vaults:1 | Noticed Aizul
 29627 | Vaults:1 | Killed Aizul
 29640 | Vaults:1 | Noticed Wiglaf
 29646 | Vaults:1 | Killed Wiglaf
 29646 | Vaults:1 | Reached skill level 17 in Fighting
 29699 | Vaults:1 | Found Vuleix's Food Shop.
 30081 | Vaults:1 | You fall through a shaft!
 30101 | Vaults:2 | Received a gift from Yredelemnul
 30161 | Vaults:2 | Found Agaor's Book Emporium.
 30180 | Vaults:2 | Noticed Saint Roka
 30188 | Vaults:2 | Received a gift from Yredelemnul
 30189 | Vaults:2 | Killed Saint Roka
 30196 | Vaults:2 | Reached skill level 18 in Fighting
 30402 | Vaults:2 | Paralysed by an ogre mage for 2 turns
 30557 | Vaults:2 | Received a gift from Yredelemnul
 30692 | Vaults:2 | Noticed Frederick
 30701 | Vaults:2 | Killed Frederick
 30744 | Vaults:2 | Found Joest's Magic Scroll Boutique.
 30747 | Vaults:2 | Found Ahiotyh's Book Boutique.
 30955 | Vaults:2 | Found a staircase to the Crypt.
 31163 | Vaults:2 | Found Zuskus's Food Emporium.
 31521 | Vaults:3 | Reached skill level 19 in Fighting
 31755 | Vaults:3 | Noticed Zwobot's ghost (mighty HOGl)
 31756 | Vaults:3 | Found Ostry's General Store.
 31785 | Vaults:3 | Killed Zwobot's ghost
 31898 | Vaults:3 | Reached skill level 20 in Fighting
 32114 | Vaults:3 | Received a gift from Yredelemnul
 32187 | Vaults:3 | Reached XP level 18. HP: 180/180 MP: 21/30
 32195 | Vaults:3 | Received a gift from Yredelemnul
 32243 | Vaults:3 | Got a pitted scimitar
 32244 | Vaults:3 | Identified the +8 scimitar of Daugaot {speed, rC+ Int+5} (You found it on level 3 of the Vaults)
 32545 | Vaults:3 | Noticed a tentacled monstrosity
 32553 | Vaults:3 | Killed a tentacled monstrosity
 32677 | Vaults:3 | Received a gift from Yredelemnul
 32820 | Vaults:3 | Reached skill level 21 in Fighting
 33103 | Vaults:4 | Found Zuschem's Book Shoppe.
 33146 | Vaults:4 | Noticed Donald
 33160 | Vaults:4 | Killed Donald
 33210 | Vaults:4 | Received a gift from Yredelemnul
 33782 | Vaults:4 | Reached skill level 22 in Fighting
 34317 | Vaults:5 | Entered Level 5 of the Vaults
 34328 | Vaults:4 | Received a gift from Yredelemnul
 34667 | Vaults:4 | Received a gift from Yredelemnul
 34667 | Vaults:4 | Reached skill level 15 in Armour
 34828 | Vaults:5 | Received a gift from Yredelemnul
 34829 | Vaults:5 | Noticed Margery
 35083 | Vaults:5 | Noticed Boris
 35095 | Vaults:5 | Killed Margery
 35099 | Vaults:5 | Reached XP level 19. HP: 147/191 MP: 22/31
 35100 | Vaults:5 | Noticed Jory
 35104 | Vaults:5 | Killed Boris
 35115 | Vaults:5 | HP: 14/286 [shadow dragon (6)]
 35115 | Vaults:5 | HP: 6/286 [yaktaur/trident[a vault warden] (3)]
 35115 | Vaults:5 | Mangled by a storm dragon

Vault maps used:
D:1:      lightli_arrival_farm, kennysheep_nondescript
D:2:      lemuel_doored_altar, grunt_decor_one_mirror,
          nicolae_dithmenos_shadow_blocks
D:3:      zin_purify, yredelemnul_forgotten_temple_becter, first_bread
D:4:      minmay_temple_entry_grid, minivault_11, fedhas_altar_3
D:5:      enter_ossuary_4, serial_bayou_pond_b, uniq_eustachio
D:6:      portal_sewer_entry_f, nemelex_spade_bored_becter, uniq_prince_ribbit1,
          uniq_menkaure
D:7:      grunt_temple_overflow_opulence, slow_altar_2, grunt_ministairs_1
D:8:      kennysheep_little_box, enter_bailey_2, uniq_grum, uniq_joseph,
          uniq_gastronok
D:9:      hangedman_little_slice_of_home, nrook_pool_corridor,
          trog_hazing_becter
D:10:     lair_0_dummy, feat_on_display
D:11:     erik_orc_3, hangedman_misty_isle
D:12:     serial_shops, shop, grunt_ministairs_8, uniq_azrael, uniq_urug
D:13:     hangedman_abyss_or_decor_clamps, jiyva_altar_1
D:14:     david_vaults_2, tso_metal_star
D:15:     grunt_enter_depths_magical_seal, minmay_misc_feat_tiny
Lair:1:   roderic_batcave
Lair:2:   guppyfry_lair_drakes
Lair:3:   minmay_swamp_entry_swarm, grunt_forest_small_clearings,
          hibernation_bobbens
Lair:4:   st_stairs_6
Lair:5:   beast_lair_carwin_large_2, nicolae_spider_entry_tight_spaces
Lair:6:   bh_autumn_forest_stairs, lemuel_fruit_tree
Lair:7:   serial_bayou_shore_b
Lair:8:   hangedman_lair_caniforms_friends, hangedman_lair_in_review,
          slime_dummy, roderic_ravens_nest
Swamp:1:  hangedman_swamp_cone, uniq_louise
Swamp:2:  basic_altar, swamp_pool1
Swamp:3:  evilmike_swamp_ruin_house_5
Swamp:4:  swamp_old_school, swamp_pool4
Spider:1: uniq_rupert
Spider:4: grunt_spider_rune_circles, spiders_nest_the_unseen, uniq_arachne
Slime:1:  cheibrodos_slime_lost_civilization_6
Orc:1:    serial_shops, nicolae_shop_crystal, uniq_maurice
Orc:2:    serial_shops, nicolae_shop_crystal
Orc:3:    basic_altar, nicolae_orc_pool_cavern, david_defended_altar_orc,
          uniq_josephine, uniq_harold
Orc:4:    pubby_orc_utopia
Vaults:1: nicolae_vaults_little_squares_6, v_alt_pattern_2,
          nicolae_vaults_c_with_doors, serial_ice_h,
          nicolae_vaults_disjoint_gnomons, vaults_room_pool,
          nicolae_vaults_angled_halls, vaults_room_grunt_arrival_ludios,
          hangedman_vaults_cutoff, nicolae_vaults_little_ls,
          grunt_vaults_funnel, serial_shops, nicolae_shop_waterfront,
          uniq_aizul, uniq_wiglaf
Vaults:2: nicolae_vaults_disjoint_gnomons, nicolae_vaults_angled_halls,
          v_misc_33, v_misc_25, v_misc_17, nicolae_vaults_puzzle_piece,
          nicolae_vaults_hallways_thing, v_rooms_5, hangedman_vaults_pinch,
          vaults_dpeg_hooks, nicolae_vaults_rhombus_6, hangedman_vaults_trim,
          serial_shops, shop, nicolae_shop_stone, shop, shop, uniq_frederick,
          uniq_saint_roka
Vaults:3: v_alt_pattern_6, v_alt_pattern_5, v_pattern_4,
          vaults_room_stairs_pillars, hangedman_vaults_trim, v_alt_pattern_1,
          st_spiral_rooms, vaults_standard_mumra_lines, dpeg_vaults_monster_box,
          serial_shops, nicolae_shop_window_shopping
Vaults:4: nicolae_vaults_windows_and_doors_thing, vaults_room_grid,
          nicolae_vaults_three_branches, vaults_mumra_lcd, grunt_vaults_focal,
          ontoclasm_vaults_fault, v_misc_31, nicolae_vaults_yaktaur_gun_rack,
          nicolae_vaults_border_crossing, serial_shops, nicolae_shop_crystal,
          uniq_donald
Vaults:5: uniq_boris, uniq_jory, uniq_margery, uniq_sojobo
Depths:1: serial_co_window_serial, co_window_paths_a, co_window_paths_a,
          co_window_paths_a, co_window_corner_a, co_window_cross_1,
          co_window_corner_a, co_window_corner_a, co_window_unsneaky_path_a,
          co_window_broadway_a, co_window_broadway_a, co_window_cross_2,
          co_window_2corner, co_window_of_opportunity_b, co_window_broadway_a,
          co_window_paths_e, glass_columns_a, glass_columns_a, hell_entry,
          serial_sigils_hangedman_gut, kennysheep_underground_church
Sewer:    sewer_co_cracked_pipes
Ossuary:  ossuary_crypta
Bailey:   bailey_axe_2, bailey

Action                   |  1- 3 |  4- 6 |  7- 9 | 10-12 | 13-15 | 16-18 | 19-21 || total
-------------------------+-------+-------+-------+-------+-------+-------+-------++-------
Melee: War axe           |    66 |   179 |   255 |       |       |       |       ||   500
       Hand axe          |       |       |       |   499 |   621 |   709 |    12 ||  1841
Throw: Throwing net      |       |       |     3 |       |       |       |       ||     3
Invok: Animate Remains   |       |       |     2 |       |       |       |       ||     2
       Animate Dead      |       |       |    12 |    61 |   108 |    93 |       ||   274
       Recall Undead Sla |       |       |       |    16 |    12 |    30 |       ||    58
       Enslave Soul      |       |       |       |     2 |     2 |     3 |       ||     7
       Stop Recall       |       |       |       |     1 |       |     1 |       ||     2
       Drain Life        |       |       |       |       |     7 |    10 |       ||    17
 Abil: Spit Poison       |       |       |    23 |     8 |       |       |       ||    31
Evoke: Wand              |       |       |       |     4 |       |       |       ||     4
       Lamp of fire      |       |       |       |       |       |     1 |       ||     1
  Use: Scroll            |     8 |     2 |    15 |     5 |    15 |    11 |       ||    56
       Potion            |     1 |     4 |     5 |     8 |     3 |     6 |     4 ||    31
 Stab: Held in net/web   |       |       |     1 |       |       |       |       ||     1
       Distracted        |       |       |     1 |     3 |    15 |    27 |       ||    46
       Confused          |       |       |       |       |       |     1 |       ||     1
  Eat: Bread ration      |     1 |     1 |       |       |     1 |     1 |       ||     4
       Chunk             |       |     1 |     9 |    16 |    20 |    19 |       ||    65
       Meat ration       |       |       |     1 |     2 |     3 |     2 |       ||     8
       Royal jelly       |       |       |       |     1 |     3 |       |       ||     4
       Pizza             |       |       |       |       |     1 |       |       ||     1
       Fruit             |       |       |       |       |     6 |     4 |       ||    10
       Beef jerky        |       |       |       |       |       |     2 |       ||     2
